 Dungeon Sprint DCSS version 0.21.1-1-g345015f (webtiles) character file.

2900000 Fang the Axe Maniac (level 18, -22/200 HPs)
             Began as a Minotaur Gladiator on May 3, 2018.
             Was an Elder of Makhleb.
             Annihilated by a meat berserker
             ... wielding a +9 battleaxe
              (52 damage)
             ... in the Dungeon (Sprint VIII: "Arena of Blood").
             The game lasted 00:00:41 (29 turns).

Fang the Axe Maniac (Minotaur Gladiator)              Turns: 29, Time: 00:00:41

Health: -22/200    AC:  6    Str: 25    XL:     18   Next: 75%
Magic:  17/32      EV: 31    Int:  5    God:    Makhleb [****..]
Gold:   0          SH:  0    Dex: 14    Spells: 39/39 levels left

rFire    . . .     SeeInvis .   l - +∞ Axe of Woe
rCold    . . .     Gourm    .   (shield currently unavailable)
rNeg     . . .     Faith    .   b - +0 leather armour
rPois    .         Spirit   .   c - +0 hat
rElec    .         Reflect  .   (no cloak)
rCorr    .         Harm     .   (no gloves)
MR       +....     NoTele   +   (no boots)
Stlth    +++++.....             (no amulet)
HPRegen  0.43/turn              (no ring)
MPRegen  0.23/turn              (no ring)

@: no status effects
A: retaliatory headbutt, horns 2
a: Minor Destruction, Lesser Servant of Makhleb, Major Destruction, Renounce
Religion


You were in the Dungeon.
You worshipped Makhleb.
Makhleb was greatly pleased with you.
You were not hungry.

You visited 1 branch

Inventory:

Hand Weapons
 a - a +0 war axe
 l - the +∞ Axe of Woe (weapon)
   (You found it in the Dungeon)
Missiles
 d - 3 throwing nets (quivered)
Armour
 b - a +0 leather armour (worn)
 c - a +0 hat (worn)
Scrolls
 k - a scroll of blinking
Potions
 e - a potion of curing
 g - a potion of heal wounds
 h - a potion of haste
 i - 2 potions of magic
 j - a potion of berserk rage
Comestibles
 f - a ration


   Skills:
 O Level 27 Fighting
 O Level 27 Axes
 O Level 27 Throwing
 O Level 27 Armour
 O Level 27 Dodging
 + Level 14.1 Stealth
 + Level 16.3 Unarmed Combat
 + Level 11.2 Spellcasting
 + Level 15.2 Invocations


You had 39 spell levels left.
You didn't know any spells.

Dungeon Overview and Level Annotations

Branches:
Dungeon (1/1)

Altars:
Makhleb


Innate Abilities, Weirdness & Mutations

You reflexively headbutt those who attack you in melee.
You have a pair of horns on your head.


Message History

The meat berserker rages.
You hear a shout! 3 orcs and an ogre come into view.
You hear a shout! x2
The meat berserker hits you with a +9 battleaxe!!!
You hear a shout! x2
The meat berserker is engulfed in blazing flames.
The meat berserker hits you with a +9 battleaxe!!
You hear a shout! x3
The meat berserker rages.
The meat berserker hits you with a +9 battleaxe!!
You hear a shout!
A destroyer comes into view.
It is wielding a +9 great sword of slicing.
The destroyer shouts!
You hear a shout! x3
The meat berserker is engulfed in blazing flames.
The meat berserker hits you with a +9 battleaxe!!!
* * * LOW HITPOINT WARNING * * *
You hear a shout! x9
The meat berserker hits you with a +9 battleaxe!!!
You die...

..o.......
.........O.
......o.o
#.......# .. #o...
..# . ...###...
..###..
......oO###o.%V...
#......O@OOoo.o...
......#OO§).#Oo.
..... #_§§§_# ....
#.O§§)#
#......%._).......
........###.......
...###.o. ..###..
. #.O. ..# . #...
..#


You could see a destroyer, 9 meat berserkers and 9 bags of meat.

Vanquished Creatures
  6 ogres (D)
  2 two-headed ogres (D)
  3 orcs (D)
11 creatures vanquished.

Notes
Turn   | Place    | Note
-------+----------+-------------------------------------------
     0 | D        | Found the +∞ Axe of Woe
     0 | D        | Fang the Minotaur Gladiator began the quest for the Orb.
     0 | D        | Reached XP level 1. HP: 18/18 MP: 0/0
     3 | D        | Noticed a bag of meat
     4 | D        | Became a worshipper of Makhleb the Destroyer
     5 | D        | Noticed a bag of meat
     7 | D        | Noticed a bag of meat
     8 | D        | Noticed a meat berserker
     8 | D        | Killed a bag of meat
     8 | D        | Reached skill level 10 in Throwing
     8 | D        | Reached XP level 2. HP: 41/41 MP: 1/1
     8 | D        | Reached XP level 3. HP: 48/48 MP: 2/2
     8 | D        | Reached XP level 4. HP: 56/56 MP: 3/3
     8 | D        | Reached XP level 5. HP: 62/62 MP: 4/4
     8 | D        | Reached XP level 6. HP: 70/70 MP: 5/5
     8 | D        | Reached XP level 7. HP: 77/77 MP: 6/6
     8 | D        | Reached XP level 8. HP: 83/83 MP: 7/7
     8 | D        | Reached XP level 9. HP: 90/90 MP: 8/8
     8 | D        | Reached XP level 10. HP: 97/97 MP: 9/9
     8 | D        | Reached XP level 11. HP: 104/104 MP: 10/10
    10 | D        | Noticed a bag of meat
    11 | D        | Killed a bag of meat
    11 | D        | Reached * piety under Makhleb
    11 | D        | Reached XP level 12. HP: 81/116 MP: 11/11
    12 | D        | Killed a meat berserker
    12 | D        | Reached XP level 13. HP: 62/129 MP: 12/12
    12 | D        | Reached XP level 14. HP: 66/137 MP: 13/13
    16 | D        | Noticed a meat berserker
    17 | D        | Noticed a meat berserker
    18 | D        | Noticed a bag of meat
    18 | D        | Noticed a meat berserker
    18 | D        | Noticed a bag of meat
    18 | D        | Noticed a bag of meat
    19 | D        | Noticed a bag of meat
    19 | D        | Noticed a meat berserker
    20 | D        | Noticed a bag of meat
    20 | D        | Killed a meat berserker
    20 | D        | Reached skill level 27 in Axes
    20 | D        | Reached skill level 27 in Dodging
    20 | D        | Reached XP level 15. HP: 77/155 MP: 14/14
    21 | D        | Noticed a meat berserker
    21 | D        | Noticed a meat berserker
    21 | D        | Noticed a large bag of meat
    22 | D        | Noticed a meat berserker
    22 | D        | HP: 2/155 [meat berserker/+9 battleaxe (76)]
    23 | D        | Noticed a large bag of meat
    23 | D        | Noticed a meat berserker
    23 | D        | Killed a meat berserker
    23 | D        | Reached ** piety under Makhleb
    23 | D        | Killed a meat berserker
    23 | D        | Reached skill level 27 in Fighting
    23 | D        | Reached XP level 16. HP: 138/183 MP: 15/15
    24 | D        | Noticed a meat berserker
    24 | D        | Noticed a meat berserker
    24 | D        | Noticed a large bag of meat
    25 | D        | Killed a meat berserker
    25 | D        | Reached skill level 27 in Throwing
    25 | D        | Reached XP level 17. HP: 162/191 MP: 16/16
    25 | D        | Killed a large bag of meat
    25 | D        | Reached *** piety under Makhleb
    26 | D        | Noticed a meat berserker
    26 | D        | Killed a meat berserker
    26 | D        | Reached skill level 27 in Armour
    26 | D        | Reached XP level 18. HP: 200/200 MP: 17/17
    26 | D        | Killed a large bag of meat
    26 | D        | Reached skill level 10 in Spellcasting
    26 | D        | Reached **** piety under Makhleb
    26 | D        | Reached skill level 15 in Invocations
    27 | D        | Noticed a meat berserker
    28 | D        | Noticed a meat berserker
    29 | D        | Noticed a destroyer
    29 | D        | Annihilated by a meat berserker

Skill      XL: |  1  2  3  4  5  6  7  8  9 10 11 12 13 14 15 16 17 18 |
---------------+-------------------------------------------------------+-----
Fighting       | 12 13 16 20 27 | 27.0
Axes           | 20 23 26 27 | 27.0
Throwing       | 10 11 13 16 23 27 | 27.0
Dodging        | 18 21 24 27 | 27.0
Armour         | 2 4 11 17 27 | 27.0
Stealth        | 14 | 14.1
Unarmed Combat | 16 | 16.3
Spellcasting   | 11 | 11.2
Invocations    | 15 | 15.2

Action                   |  1- 3 |  4- 6 |  7- 9 | 10-12 | 13-15 | 16-18 || total
-------------------------+-------+-------+-------+-------+-------+-------++-------
Melee: Executioner's axe |     1 |       |       |     2 |     2 |     2 ||     7
